 Dungeon Crawl Stone Soup version 0.21.1-1-g345015f (webtiles) character file.

142336 lokyar the Stickfighter (level 17, 0/137 HPs)
             Began as a Formicid Fighter on July 30, 2018.
             Was a High Priest of Okawaru.
             Slain by a spriggan rider
             ... wielding a +0 spear
              (5 damage)
             ... on level 4 of the Swamp.
             The game lasted 01:44:22 (37351 turns).

lokyar the Stickfighter (Formicid Fighter)         Turns: 37351, Time: 01:44:23

Health: 0/137      AC: 25    Str: 37    XL:     17   Next: 96%
Magic:  19/20      EV: 14    Int: 13    God:    Okawaru [*****.]
Gold:   2215       SH: 28    Dex: 16    Spells: 16/16 levels left

rFire    + + .     SeeInvis +   U - +5 quarterstaff of Fate {flame, rF+ Int+3 Dex+3}
rCold    . . .     Gourm    .   w - +0 large shield
rNeg     . . .     Faith    .   m - +2 plate armour {rC+}
rPois    .         Spirit   .   (helmet unavailable)
rElec    .         Reflect  .   S - scarf {repulsion}
rCorr    .         Harm     .   F - +2 pair of gloves {Dex+3}
MR       ++...                  (no boots)
Stlth    ..........             u - amulet of magic regeneration
HPRegen  0.32/turn              L - ring of protection from magic
MPRegen  0.42/turn              K - ring of the Doge {+Inv rF+ rC- Str+4 Int+2}

@: mighty, heroism, repel missiles, very slow
A: permanent stasis, dig shafts and tunnels, four strong arms, antennae 3,
iridescent scales 1, mutation resistance 1, subdued magic 1, MP-powered wands
a: Dig, Shaft Self, Heroism, Finesse, Renounce Religion, Evoke Invisibility


You were on level 4 of the Swamp.
You worshipped Okawaru.
Okawaru was extremely pleased with you.
You were not hungry.

You visited 5 branches of the dungeon, and saw 28 of its levels.

You collected 2602 gold pieces.
You spent 387 gold pieces at shops.

Inventory:

Hand Weapons
 v - a +4 vampiric demon trident
 I - a +6 quarterstaff of draining
 U - the +5 quarterstaff of Fate (weapon) {flame, rF+ Int+3 Dex+3}
   (Okawaru gifted it to you on level 6 of the Lair of Beasts)

   It has been specially enchanted to burn those struck by it, causing extra
   injury to most foes and up to half again as much damage against particularly
   susceptible opponents.
   It affects your intelligence (+3).
   It affects your dexterity (+3).
   It protects you from fire.
Armour
 d - +0 fire dragon scales
 m - a +2 plate armour of cold resistance (worn)
 w - a +0 large shield (worn)
 E - a +2 pair of gloves of archery
 F - a +2 pair of gloves of dexterity (worn)
 S - a scarf of repulsion (worn)
Jewellery
 c - an uncursed ring of wizardry
 e - an uncursed ring of poison resistance
 u - an amulet of magic regeneration (around neck)
 H - an uncursed ring of ice
 K - a ring of the Doge (right hand) {+Inv rF+ rC- Str+4 Int+2}
   (You took it off an orc warrior on level 13 of the Dungeon)

   [ring of protection from fire]

   It affects your strength (+4).
   It affects your intelligence (+2).
   It protects you from fire.
   It makes you vulnerable to cold.
   It lets you turn invisible.
 L - a ring of protection from magic (left hand)
Wands
 b - a wand of random effects (80)
 j - a wand of scattershot (10)
 o - a wand of polymorph (3)
 r - a wand of flame (28)
 y - a wand of iceblast (12)
 A - a wand of enslavement (18)
 P - a wand of disintegration (12)
Scrolls
 a - 12 scrolls of remove curse
 h - 3 scrolls of identify
 k - 5 scrolls of amnesia
 n - 3 scrolls of enchant weapon
 z - 2 scrolls of holy word
 B - 3 scrolls of magic mapping
 C - 3 scrolls of fear
 D - a scroll of enchant armour
 N - 2 scrolls of brand weapon
Potions
 g - 2 potions of berserk rage {unknown}
 i - 3 potions of resistance
 p - 2 potions of lignification {unknown}
 q - 5 potions of brilliance
 s - a potion of agility {unknown}
 t - 10 potions of curing
 G - 2 potions of magic {unknown}
 O - a potion of invisibility {unknown}
 Q - a potion of cancellation {unknown}
 T - a potion of flight {unknown}
Miscellaneous
 l - 2 boxes of beasts
Comestibles
 f - 38 rations


   Skills:
 + Level 13.5(18.5) Fighting
 * Level 18.5(23.5) Staves
 + Level 12.1(17.1) Armour
 - Level 2.0(7.0) Dodging
 + Level 18.5(23.5) Shields
 - Level 5.0 Invocations
 - Level 5.0 Evocations


You had 16 spell levels left.
You didn't know any spells.

Dungeon Overview and Level Annotations

Branches:
Dungeon (15/15)            Temple (1/1) D:6            Lair (6/6) D:11
  Swamp (4/4) Lair:2       Spider (0/4) Lair:2        Slime (0/5) Lair:6
    Orc (2/2) D:10            Elf (0/3) Orc:2        Vaults (0/5) D:14
 Depths (0/5) D:15

Altars:
Ashenzari
Cheibriados
Elyvilon
Gozag
Hepliaklqana
Makhleb
Nemelex Xobeh
Okawaru
Qazlal
Ru
Sif Muna
Xom
Yredelemnul
Zin
Beogh

Shops:
D:5 %   D:7 (   D:9 *   D:13 :%?=(   Orc:2 (:}(*

Annotations:
Lair:5 exclusion: oklob plant


Innate Abilities, Weirdness & Mutations

You cannot be hasted, slowed, berserked, paralysed or teleported.
You can dig through walls and to a lower floor.
Your four strong arms can wield two-handed weapons with a shield.
You have a pair of large antennae on your head. (SInv)
You are partially covered in iridescent scales. (AC +2)
You are somewhat resistant to further mutation.
Your spells are a little easier to cast, but a little less powerful.
You expend magic power (3 MP) to strengthen your wands.


Message History

You feel better. You block the slime creature's attack.
You block the swamp worm's attack. The spriggan rider barely misses you.
The spriggan rider hits you but does no damage.
The slime creature hits you but does no damage.
The orange demon closely misses you. You block the orange demon's attack.
The slime creature hits you but does no damage.
You block the slime creature's attack.
You feel very mighty all of a sudden. The swamp worm bites you.
* * * LOW HITPOINT WARNING * * *
You block the slime creature's attack. You block the spriggan rider's attack.
You block the six-headed hydra's attack.
The six-headed hydra bites you.
* * * LOW HITPOINT WARNING * * *
The six-headed hydra barely misses you.
You block the six-headed hydra's attack.
The six-headed hydra completely misses you.
The six-headed hydra bites you but does no damage.
The spriggan rider hits you from afar with a spear.
You die...

≈ ♣..≈. ≈♣♣♣≈....
♣♣♣..≈.≈§♣♣≈
♣..§≈≈.....≈ ♣♣♣
♣.≈≈≈≈..≈≈≈. ♣ ♣.♣
♣♣♣♣♣♣.≈≈≈.≈.≈≈≈. ≈♣♣≈♣♣
♣♣..♣♣≈..ii...♣
≈♣≈..♣♣♣.[≈≈.≈≈JJw$.♣♣♣♣
≈†≈≈§.♣≈.≈≈≈≈≈≈J@JD....♣
♣.<...♣÷≈≈≈≈≈≈≈D4♣♣♣≈≈.♣
♣...≈≈..≈≈≈≈≈≈n≈..≈♣ ≈≈♣
♣.≈≈§...≈≈≈≈≈≈≈.♣.≈♣ ♣♣
≈≈≈≈<♣♣..≈≈≈≈n≈.♣.≈♣
♣♣..≈♣♣♣.≈≈≈≈≈.♣≈≈♣♣
.≈.♣♣♣ ♣≈..w≈≈♣≈≈♣♣ ≈≈≈♣
♣♣≈...♣.... ≈≈≈♣
♣.≈♣♣♣≈...≈


You could see a six-headed hydra, a swamp dragon, 4 slime creatures, 2 spriggan
riders, an orange demon, 2 bog bodies and 2 swamp worms.

Vanquished Creatures
  The ghost of tev the Slayer, an adept MiMo of Uskayaw (Swamp:3)
  A thorn hunter (Swamp:3)
  A frost giant (D:13)
  An orc warlord (Orc:2)
  The ghost of snakesoul the Bludgeoner, an adept GrFi of Okawaru (D:14)
  Aizul (Swamp:4)
  The ghost of aaksess the Frost Mage, a journeyman DrIE of Cheibriados (Swamp:1)
  2 entropy weavers
  An ettin (Orc:2)
  A fire dragon (Lair:6)
  The ghost of tev the Cleaver, a journeyman DsBe of Trog (D:14)
  3 vault guards (D:14)
  An ice dragon (Lair:5)
  6 hydras
  7 centaur warriors (D:13)
  6 two-headed ogres
  9 alligators
  6 death yaks
  A queen ant (Lair:6)
  The ghost of zapotec the Spear-Bearer, a journeyman GrFi of Dithmenos (Orc:1)
  6 orc high priests
  2 spriggan druids
  5 unseen horrors
  A sea snake (shapeshifter) (D:15)
  A wizard (D:14)
  2 shambling mangroves (Swamp:2)
  2 swamp dragons
  2 lindwurms
  3 necromancers (D:14)
  A wolf spider zombie (D:14)
  5 orc knights
  A wolf spider (D:15)
  22 ugly things
  5 orc sorcerers
  A cyclops (Orc:2)
  A salamander (D:15)
  2 deep elf magi
  8 elephants
  3 manticores
  4 black mambas
  2 molten gargoyles (Lair:6)
  A guardian serpent (D:10)
  The ghost of Alter the Charmwright, a novice GnSk of Vehumet (D:5)
  A guardian serpent (shapeshifter) (D:15)
  2 gargoyles (D:13)
  12 spiny frogs
  4 rime drakes
  2 torpor snails
  A kobold demonologist (D:13)
  14 komodo dragons
  2 freezing wraiths (D:13)
  4 efreet
  A tengu conjurer (D:15)
  4 tyrant leeches
  3 meliai (D:11)
  A queen bee (Lair:2)
  8 trolls
  5 jumping spiders (Lair:2)
  8 hornets
  Prince Ribbit (D:8)
  15 hippogriffs
  26 blink frogs
  15 slime creatures
  4 bog bodies
  5 dream sheep (Lair:6)
  Sigmund (D:3)
  2 shadows
  4 wyverns
  2 wraiths
  3 spriggans (Swamp:2)
  4 basilisks
  2 redbacks (Lair:2)
  A tarantella (shapeshifter) (D:13)
  44 yaks
  17 humans (D:14)
  3 steam dragons
  5 vampire mosquitoes
  15 swamp worms
  Menkaure (D:7)
  4 hungry ghosts
  11 insubstantial wisps
  4 wargs
  Edmund (D:4)
  19 soldier ants
  Duvessa (D:7)
  12 water moccasins
  5 porcupines
  5 hell hounds (Lair:6)
  6 sky beasts
  5 swamp drakes
  5 ice beasts
  32 orc warriors
  A black bear (D:7)
  The ghost of tyranidshit the Skirmisher, an amateur DsAK of Lugonu (D:3)
  3 boggarts (D:14)
  A necrophage (D:8)
  A tengu (shapeshifter) (D:13)
  4 phantoms
  4 wolves (Lair:5)
  17 ogres
  13 centaurs
  13 crocodiles
  2 big kobolds
  23 bullfrogs
  7 jellies
  Dowan (D:7)
  8 scorpions
  34 killer bees
  9 wights
  An electric eel (Lair:5)
  2 howler monkeys
  2 centaur zombies
  4 bullfrog zombies
  10 crimson imps
  A quasit (D:7)
  5 lava snakes (Lair:6)
  6 centaur skeletons
  Crazy Yiuf (D:6)
  22 orc priests
  9 hounds
  32 orc wizards
  6 bullfrog skeletons
  7 iguanas
  Natasha (thrice) (D:2)
  33 worker ants
  Terence (D:3)
  2 hound zombies (D:9)
  A hound skeleton (D:7)
  Robin (D:1)
  18 adders
  5 shadow imps
  12 white imps (D:14)
  An ooze (D:3)
  4 adder skeletons
  An adder zombie (D:7)
  2 worms
  2 dart slugs
  7 leopard geckos
  93 orcs
  4 giant cockroaches
  16 goblins
  7 hobgoblins
  5 jackals
  8 quokkas
  A ball python (D:3)
  9 bats
  3 frilled lizards
  11 kobolds
  A quokka skeleton (D:5)
  A quokka zombie (D:5)
  11 rats
998 creatures vanquished.

Vanquished Creatures (collateral kills)
  A hydra (D:13)
  A hippogriff (Lair:1)
2 creatures vanquished.

Vanquished Creatures (others)
  A centaur warrior (D:13)
  A spiny frog (Swamp:4)
  4 briar patches (Swamp:4)
  A bush (Lair:5)
  9 fungi
  10 plants
26 creatures vanquished.

Grand Total: 1026 creatures vanquished

Notes
Turn   | Place    | Note
-------+----------+-------------------------------------------
     0 | D:1      | lokyar the Formicid Fighter began the quest for the Orb.
     0 | D:1      | Reached XP level 1. HP: 18/18 MP: 1/1
   135 | D:1      | Reached XP level 2. HP: 23/24 MP: 2/2
   300 | D:1      | Reached XP level 3. HP: 30/30 MP: 3/3
   571 | D:2      | Noticed Robin
   769 | D:1      | Killed Robin
   775 | D:1      | Reached XP level 4. HP: 5/37 MP: 4/4
  1210 | D:2      | Noticed Natasha
  1219 | D:2      | Killed Natasha
  1219 | D:2      | Reached XP level 5. HP: 35/42 MP: 5/5
  1257 | D:2      | Found a snail-covered altar of Cheibriados.
  1350 | D:2      | Found a basalt altar of Yredelemnul.
  1352 | D:2      | Found a hazy altar of Hepliaklqana.
  1353 | D:2      | Found a sacrificial altar of Ru.
  1354 | D:2      | Found a stormy altar of Qazlal.
  1356 | D:2      | Found an opulent altar of Gozag.
  1562 | D:2      | Noticed Natasha
  1576 | D:2      | Killed Natasha
  1682 | D:2      | Noticed Natasha
  1694 | D:2      | Killed Natasha
  1848 | D:2      | Reached XP level 6. HP: 26/48 MP: 6/6
  2024 | D:3      | Noticed Sigmund
  2033 | D:3      | Killed Sigmund
  2033 | D:3      | Reached skill level 5 in Staves
  2033 | D:3      | Reached skill level 1 in Dodging
  2041 | D:3      | Reached XP level 7. HP: 52/54 MP: 7/7
  2082 | D:3      | Noticed tyranidshit's ghost (amateur DsAK)
  2111 | D:3      | Killed tyranidshit's ghost
  2674 | D:3      | Reached skill level 5 in Shields
  2845 | D:3      | Noticed Terence
  2862 | D:3      | Killed Terence
  3146 | D:4      | Reached XP level 8. HP: 60/61 MP: 8/8
  3189 | D:4      | Noticed Edmund
  3329 | D:4      | Killed Edmund
  4308 | D:5      | Entered Level 5 of the Dungeon
  4650 | D:5      | Reached skill level 5 in Armour
  4687 | D:5      | Reached skill level 5 in Fighting
  4753 | D:5      | Reached XP level 9. HP: 39/68 MP: 9/9
  4758 | D:5      | Found a stormy altar of Qazlal.
  5059 | D:5      | Found Deep's Food Boutique.
  6126 | D:5      | Noticed Alter's ghost (novice GnSk)
  6151 | D:5      | Killed Alter's ghost
  6385 | D:5      | Reached skill level 10 in Staves
  6722 | D:6      | Reached XP level 10. HP: 73/76 MP: 10/10
  6751 | D:6      | Found a burning altar of Makhleb.
  6936 | D:6      | Found a staircase to the Ecumenical Temple.
  6956 | Temple   | Entered the Ecumenical Temple
  6975 | Temple   | Became a worshipper of Warmaster Okawaru
  7342 | D:6      | Found a runed door.
  7401 | D:6      | Noticed Crazy Yiuf
  7411 | D:6      | Killed Crazy Yiuf
  7615 | D:7      | Noticed Menkaure
  7791 | D:7      | Killed Menkaure
  7811 | D:7      | Noticed Duvessa
  7816 | D:7      | Noticed Dowan
  7821 | D:7      | Killed Duvessa
  7824 | D:7      | Killed Dowan
  7918 | D:7      | Reached * piety under Okawaru
  8145 | D:7      | Found Zeton's Antique Weapon Shoppe.
  8223 | D:7      | Reached ** piety under Okawaru
  8644 | D:8      | Reached XP level 11. HP: 78/83 MP: 11/11
  9290 | D:8      | Reached *** piety under Okawaru
  9548 | D:8      | Noticed Prince Ribbit
  9561 | D:8      | Killed Prince Ribbit
 10339 | D:9      | Noticed a two-headed ogre
 10354 | D:9      | Killed a two-headed ogre
 10447 | D:9      | Found Fuomp's Assorted Antiques.
 10652 | D:9      | Noticed a two-headed ogre
 10660 | D:9      | Killed a two-headed ogre
 10660 | D:9      | Reached **** piety under Okawaru
 10660 | D:9      | Reached skill level 1 in Invocations
 10783 | D:10     | Entered Level 10 of the Dungeon
 10799 | D:10     | Noticed a two-headed ogre
 10802 | D:10     | Found a staircase to the Orcish Mines.
 10815 | D:10     | Killed a two-headed ogre
 10825 | D:10     | Reached ***** piety under Okawaru
 10948 | D:10     | Reached XP level 12. HP: 74/90 MP: 13/13
 11039 | D:10     | Noticed a two-headed ogre
 11314 | D:10     | Killed a two-headed ogre
 11314 | D:10     | Reached skill level 10 in Shields
 11626 | D:10     | Noticed an unseen horror
 11639 | D:10     | Killed an unseen horror
 12412 | D:11     | Found a staircase to the Lair.
 12415 | D:11     | Noticed an unseen horror
 12422 | D:11     | Killed an unseen horror
 12429 | D:11     | Received a gift from Okawaru
 12679 | D:11     | Reached ****** piety under Okawaru
 13612 | D:12     | Noticed a two-headed ogre
 13777 | D:12     | Killed a two-headed ogre
 13777 | D:12     | Reached skill level 5 in Invocations
 14235 | D:13     | Noticed a centaur warrior
 14235 | D:13     | Noticed an unseen horror
 14246 | D:13     | Killed a centaur warrior
 14246 | D:13     | Reached XP level 13. HP: 88/99 MP: 16/16
 14333 | D:13     | Noticed a centaur warrior
 14345 | D:13     | Killed a centaur warrior
 14347 | D:13     | Noticed a six-headed hydra
 14359 | D:13     | Killed a six-headed hydra
 14629 | D:13     | Noticed a centaur warrior
 14641 | D:13     | Killed a centaur warrior
 14669 | D:13     | Noticed a frost giant
 14684 | D:13     | Killed a frost giant
 14690 | D:13     | Received a gift from Okawaru
 14723 | D:13     | Noticed a centaur warrior
 14737 | D:13     | Killed a centaur warrior
 14758 | D:13     | Noticed a centaur warrior
 15083 | D:13     | Killed a centaur warrior
 15083 | D:13     | Reached skill level 15 in Staves
 15117 | D:13     | Noticed a centaur warrior
 15131 | D:13     | Killed a centaur warrior
 15167 | D:13     | Got a clouded lapis lazuli ring
 15168 | D:13     | Got a translucent glaive {chop}
 15177 | D:13     | Identified a ring of the Doge {+Inv rF+ rC- Str+4 Int+2} (You took it off an orc warrior on level 13 of the Dungeon)
 15201 | D:13     | Identified the +4 glaive "Yzyffauh" {chop, +Fly rF++ Dex-2} (You took it off an orc warrior on level 13 of the Dungeon)
 15268 | D:13     | Found Zobb's Jewellery Emporium.
 15283 | D:13     | Received a gift from Okawaru
 15457 | D:13     | Found Kibbiom's Antique Weapon Shoppe.
 15570 | D:13     | Noticed a centaur warrior
 15577 | D:13     | Killed a centaur warrior
 15580 | D:13     | Reached skill level 10 in Fighting
 15580 | D:13     | Reached XP level 14. HP: 110/110 MP: 17/17
 15594 | D:13     | Found Pateovac's Book Boutique.
 15623 | D:13     | Found Izasav's Magic Scroll Shoppe.
 15640 | D:13     | Bought a scroll of enchant armour for 127 gold pieces
 15705 | D:13     | Found Unwamara's Food Boutique.
 16008 | D:13     | Found a burning altar of Makhleb.
 16008 | D:13     | Noticed a balrug
 16238 | Lair:1   | Entered Level 1 of the Lair of Beasts
 16852 | Lair:1   | Received a gift from Okawaru
 16855 | Lair:1   | Got a scorched quarterstaff {god gift}
 16858 | Lair:1   | Identified the +1 quarterstaff "Ucuucush" {speed, rElec Int+3} (Okawaru gifted it to you on level 1 of the Lair of Beasts)
 17062 | Lair:2   | Found a staircase to the Swamp.
 17424 | Lair:2   | Found a hole to the Spider Nest.
 19404 | Lair:4   | Received a gift from Okawaru
 19425 | Lair:4   | Got a brightly glowing hand axe {god gift}
 19431 | Lair:4   | Identified the +2 hand axe of Nygony {drain, MR++ Str+3} (Okawaru gifted it to you on level 4 of the Lair of Beasts)
 19467 | Lair:4   | Reached skill level 10 in Armour
 20214 | Lair:5   | Received a gift from Okawaru
 20698 | Lair:5   | Reached XP level 15. HP: 113/117 MP: 18/18
 22156 | Orc:1    | Entered Level 1 of the Orcish Mines
 22523 | Orc:1    | Reached skill level 15 in Shields
 22579 | Orc:1    | Noticed zapotec's ghost (journeyman GrFi)
 22594 | Orc:1    | Killed zapotec's ghost
 22927 | Orc:2    | Entered Level 2 of the Orcish Mines
 23290 | Orc:2    | Reached skill level 1 in Evocations
 23395 | Orc:2    | Found a staircase to the Elven Halls.
 23497 | Orc:2    | Noticed an orc warlord
 23535 | Orc:2    | Killed an orc warlord
 23978 | Orc:2    | Found a roughly hewn altar of Beogh.
 24076 | Orc:2    | Found Aniczis's General Store.
 24382 | Orc:2    | Found Yboel's Gadget Shoppe.
 24519 | Orc:2    | Gained mutation: You are weak. (Str -2) [a neqoxec]
 24594 | Orc:2    | HP: 4/119 [orc knight/uncursed war axe (8)]
 25483 | Orc:2    | Found Raduz's Weapon Shoppe.
 25484 | Orc:2    | Found Nabucuco's Book Boutique.
 25502 | Orc:2    | Found Poibuu's Weapon Boutique.
 26009 | Lair:6   | Entered Level 6 of the Lair of Beasts
 26121 | Lair:6   | Received a gift from Okawaru
 26425 | Lair:6   | Found a staircase to the Slime Pits.
 26633 | Lair:5   | Reached XP level 16. HP: 64/127 MP: 19/19
 27242 | Lair:6   | Got an encrusted quarterstaff {god gift}
 27243 | Lair:6   | Identified the +5 quarterstaff of Fate {flame, rF+ Int+3 Dex+3} (Okawaru gifted it to you on level 6 of the Lair of Beasts)
 27700 | Lair:6   | Received a gift from Okawaru
 28232 | Lair:6   | Found a large runed door.
 28235 | Lair:6   | Found a large runed door.
 28290 | Lair:6   | Reached skill level 5 in Evocations
 29379 | D:13     | Bought an uncursed ring of poison resistance for 260 gold pieces
 29414 | D:14     | Noticed snakesoul's ghost (adept GrFi)
 29837 | D:13     | Lost mutation: You are weak. (Str -2) [potion of mutation]
 29837 | D:13     | Gained mutation: You are partially covered in iridescent scales. (AC +2) [potion of mutation]
 29837 | D:13     | Gained mutation: Potions are less effective at restoring your health. [potion of mutation]
 29837 | D:13     | Gained mutation: You have a beak for a mouth. [potion of mutation]
 29839 | D:13     | Lost mutation: You have a beak for a mouth. [potion of mutation]
 29839 | D:13     | Lost mutation: Potions are less effective at restoring your health. [potion of mutation]
 29839 | D:13     | Gained mutation: Your spells are a little easier to cast, but a little less powerful. [potion of mutation]
 29839 | D:13     | Gained mutation: You are somewhat resistant to further mutation. [potion of mutation]
 29839 | D:13     | Gained mutation: You expend magic power (3 MP) to strengthen your wands. [potion of mutation]
 29875 | D:14     | Killed snakesoul's ghost
 30233 | D:14     | Noticed tev's ghost (journeyman DsBe)
 30269 | D:14     | Killed tev's ghost
 30413 | D:14     | Found a gate to the Vaults.
 30498 | D:14     | Found a shattered altar of Ashenzari.
 30655 | D:14     | HP: 5/129 [white ugly thing (33)]
 31418 | D:14     | Received a gift from Okawaru
 31617 | D:14     | Reached XP level 17. HP: 135/135 MP: 20/20
 31718 | D:15     | Entered Level 15 of the Dungeon
 32353 | D:15     | Found a staircase to the Depths.
 32975 | Swamp:1  | Entered Level 1 of the Swamp
 33207 | Swamp:1  | Noticed aaksess's ghost (journeyman DrIE)
 33649 | Swamp:1  | Killed aaksess's ghost
 33907 | Swamp:1  | Received a gift from Okawaru
 35479 | Swamp:3  | Noticed tev's ghost (adept MiMo)
 35539 | Swamp:3  | Killed tev's ghost
 35893 | Swamp:3  | Received a gift from Okawaru
 36743 | Swamp:4  | Entered Level 4 of the Swamp
 36781 | Swamp:4  | Noticed Aizul
 36781 | Swamp:4  | Noticed a thorn hunter
 36813 | Swamp:4  | Killed Aizul
 36831 | Swamp:3  | Killed a thorn hunter
 36842 | Swamp:3  | HP: 3/137 [swamp worm (16)]
 37349 | Swamp:4  | HP: 4/137 [orange demon (7)]
 37351 | Swamp:4  | Slain by a spriggan rider

Skill      XL: |  1  2  3  4  5  6  7  8  9 10 11 12 13 14 15 16 17 |
---------------+----------------------------------------------------+-----
Shields        | 4 5 6 8 9 11 13 14 15 17 18 | 18.5
Staves         | 3 4 5 6 8 10 12 13 14 15 16 17 18 | 18.5
Fighting       | 4 5 6 7 8 10 11 12 13 | 13.5
Armour         | 4 5 6 7 8 9 10 11 12 | 12.1
Dodging        | 1 2 |  2.0
Invocations    | 2 5 |  5.0
Evocations     | 3 5 |  5.0

Action                   |  1- 3 |  4- 6 |  7- 9 | 10-12 | 13-15 | 16-18 || total
-------------------------+-------+-------+-------+-------+-------+-------++-------
Melee: Quarterstaff      |   103 |    77 |   440 |   819 |  1918 |  1531 ||  4888
       Unarmed           |       |    10 |       |       |       |       ||    10
Invok: Heroism           |       |       |       |     2 |    14 |    13 ||    29
       Finesse           |       |       |       |       |    12 |     9 ||    21
 Abil: Dig               |       |     1 |       |     2 |     5 |     1 ||     9
  Use: Scroll            |       |     2 |     7 |     2 |    10 |    17 ||    38
       Potion            |       |     1 |     3 |     3 |     4 |     8 ||    19
 Stab: Paralysed         |       |       |       |     6 |     8 |       ||    14
       Petrifying        |       |       |       |     6 |     1 |       ||     7
       Petrified         |       |       |       |     2 |     3 |       ||     5
       Confused          |       |       |       |     1 |       |       ||     1
  Eat: Chunk             |       |     2 |     8 |    13 |    21 |    18 ||    62
       Ration            |       |     1 |     2 |     3 |     6 |     5 ||    17
Armor: Scale mail        |    77 |    24 |    37 |       |       |       ||   138
       Skin              |       |     1 |       |     1 |       |       ||     2
       Chain mail        |       |       |    75 |   123 |       |       ||   198
       Plate armour      |       |       |       |    66 |   286 |   163 ||   515
       Fire dragon scale |       |       |       |     5 |       |    87 ||    92
Dodge: Dodged            |    40 |    26 |    84 |   109 |   181 |   205 ||   645
       Deflected         |       |       |       |       |     8 |    15 ||    23
Block: Shield            |    76 |    35 |   185 |    18 |       |       ||   314
       Large shield      |       |       |       |   560 |  1182 |  1109 ||  2851
